 Dungeon Crawl Stone Soup version 0.31-a0-150-g89dc3ad700 (webtiles) character file.

Game seed: 858399216402371711

72 qw the Shooter (level 4, -3/38 HPs)
             Began as a Minotaur Hunter on June 8, 2023.
             Killed from afar by an orc wizard (7 damage)
             ... with a magic dart
             ... on level 3 of the Dungeon.
             The game lasted 00:00:42 (1521 turns).

qw the Shooter (Minotaur Hunter)                    Turns: 1521, Time: 00:00:43

Health: -3/38      AC:  3    Str: 15    XL:     4   Next: 6%
Magic:  3/3        EV: 12    Int:  6    God:
Gold:   75         SH:  0    Dex: 16    Spells: 3/3 levels left

rFire   . . .        Y - +0 shortbow
rCold   . . .        (shield currently unavailable)
rNeg    . . .        c - +0 leather armour
rPois   .            (helmet restricted)
rElec   .            (no cloak)
rCorr   .            (no gloves)
SInv    .            (no boots)
Will    .....        (no amulet)
Stlth   +            (no ring)
HPRegen 0.26/turn    (no ring)
MPRegen 0.08/turn

%: no passive effects
@: confused
A: horns 2, retaliatory headbutt
a: no special abilities


You were on level 3 of the Dungeon.
You visited 1 branch of the dungeon, and saw 3 of its levels.

You collected 75 gold pieces.


Innate Abilities, Weirdness & Mutations

You have a pair of horns on your head.
You reflexively headbutt those who attack you in melee.


   Skills:
 + Level 3.0 Fighting
 - Level 6.0 Ranged Weapons
 - Level 2.1 Dodging
 - Level 0.7 Stealth


You had 3 spell levels left.
You didn't know any spells.
Your spell library was empty.

Inventory:

Hand Weapons
 Y - a +0 shortbow (weapon)
Armour
 a - a +0 pair of boots
 c - a +0 leather armour (worn)
 d - a +0 ring mail
 j - a +0 cloak
Scrolls
 b - 2 scrolls of identify
 e - a scroll of poison {unknown}
Potions
 g - a potion of haste
 h - a potion of enlightenment {unknown}
 i - a potion of mutation {unknown}

Dungeon Overview and Level Annotations

Branches:
Dungeon (3/15)

Altars:
Xom


Message History

You kill the orc!
The orc wizard hits you with a +0 dagger.
Your Ranged Weapons skill increases to level 6!
You shoot an arrow. The arrow hits the orc wizard.
The orc wizard is moderately wounded.
The orc wizard gestures at you while chanting.
You are confused.
The orc wizard mumbles some strange words.
The orc wizard flickers and vanishes!
Deactivating autopickup; reactivate with Ctrl-A.
Something hits you. Something completely misses you. Something hits you.
The orc barely misses you. Something hits you.
You feel less confused. The orc misses you.
Something hits you but does no damage.
You shoot an arrow. The arrow completely misses the orc.
The orc hits you but does no damage. Something hits you but does no damage.
You shoot an arrow. The arrow closely misses the orc.
The orc barely misses you. Something hits you.
You shoot an arrow. The arrow hits the orc.
The orc is severely wounded.
The orc hits you with a +0 hand axe. Something hits you.
You shoot an arrow.
The arrow hits the orc but does no damage.
The orc is severely wounded.
The orc barely misses you. You furiously retaliate!
You headbutt the orc!
You kill the orc!
Something hits you.
You shoot an arrow. Something barely misses you.
You shoot an arrow.
You hear some strange, mumbled words.
You are confused.
You shoot an arrow. Something hits you.
You hear some strange, mumbled words.
A magic dart appears from out of thin air!
The magic dart hits you!
You die...

#...##########.#
#.
#.....[........#
##
#.#.############
# #.#.## #
#....# # ###..#
## #..# #. #..#
#. #.@# #...
#.{)$.)... ####
##.####### # #.#
# #.# # #.. #
### .


There were no monsters in sight!

Vanquished Creatures
  An adder (D:3)
  A worm (D:3)
  A dart slug (D:2)
  4 orcs (D:3)
  4 endoplasms
  2 giant cockroaches
  8 hobgoblins
  4 jackals (D:1)
  A quokka (D:1)
  5 ball pythons
  4 bats
  4 frilled lizards (D:1)
  4 goblins
  2 kobolds
  6 rats
51 creatures vanquished.

Notes
Turn   | Place    | Note
-------+----------+-------------------------------------------
     0 | D:1      | qw the Minotaur Hunter began the quest for the Orb.
     0 | D:1      | Reached XP level 1. HP: 18/18 MP: 0/0
     0 | D:1      | 0 ||| qw: Version: 0.2-a-119-g7aa9181
     0 | D:1      | 0 ||| qw: Game counter: 2777
     0 | D:1      | 0 ||| qw: Always use a shield: true
     0 | D:1      | 0 ||| qw: God list: Okawaru
     0 | D:1      | 0 ||| qw: Allow faded altars: false
     0 | D:1      | 0 ||| qw: Do Orc after D:15 true
     0 | D:1      | 0 ||| qw: Do second Lair branch before Depths: true
     0 | D:1      | 0 ||| qw: Lair rune preference: random
     0 | D:1      | 0 ||| qw: Plans: Normal
     0 | D:1      | 0 ||| PLANNING D:1-11
   112 | D:1      | HP: 4/18 [jackal (2)]
   118 | D:1      | Reached XP level 2. HP: 6/25 MP: 1/1
   231 | D:1      | Reached skill level 5 in Ranged Weapons
   473 | D:1      | Reached skill level 3 in Fighting
   689 | D:1      | 689 ||| READING scroll labelled VINLAIHIAR.
   690 | D:1      | 690 ||| READING scroll labelled JAEFIXKUPN.
   691 | D:1      | 691 ||| READING scroll labelled MEROWA IKHU.
   692 | D:1      | 692 ||| DROPPING scroll of butterflies.
   800 | D:2      | Reached XP level 3. HP: 31/31 MP: 2/2
  1008 | D:2      | Found a shimmering altar of Xom.
  1122 | D:2      | 1122 ||| READING scroll labelled YFOMPECVUHU.
  1123 | D:2      | 1123 ||| DRINKING 2 metallic yellow potions.
  1124 | D:2      | 1124 ||| READING 4 scrolls of identify.
  1124 | D:2      | 1124 ||| IDENTIFYING sedimented blue potion
  1125 | D:2      | 1125 ||| READING 3 scrolls of identify.
  1125 | D:2      | 1125 ||| IDENTIFYING clear potion
  1126 | D:2      | 1126 ||| DROPPING potion of brilliance.
  1493 | D:3      | Reached XP level 4. HP: 38/38 MP: 3/3
  1493 | D:3      | 1493 ||| DRINKING potion of curing.
  1493 | D:3      | 1493 ||| (to cure confusion)
  1508 | D:3      | Reached skill level 6 in Ranged Weapons
  1516 | D:3      | HP: 9/38 [something (1)]
  1521 | D:3      | HP: 4/38 [something (2)]
  1521 | D:3      | Killed from afar by an orc wizard

Levels and vault maps discovered:
D:1:      matt_arrival_los_fun, layout_basic, minmay_tetromino_s4
D:2:      layout_rooms, basic_altar
D:3:      layout_loops_ring

Skill      XL: |  1  2  3  4 |
---------------+-------------+-----
Ranged Weapons | 5 6 |  6.0
Fighting       | 3 |  3.0
Dodging        | |  2.1
Stealth        | |  0.7

Action                     |  1- 3 |  4- 6 || total
---------------------------+-------+-------++-------
   Fire: Shortbow          |   146 |    17 ||   163
    Use: Scroll            |     6 |       ||     6
         Potion            |     1 |     1 ||     2
 Armour: Leather armour    |    15 |     5 ||    20
  Dodge: Dodged            |    43 |     8 ||    51

Table legend:
 A = Non-vault XP
 B = Vault XP
 C = Vault XP percentage of total XP
 D = Non-vault monster count
 E = Vault monster count
 F = Vault count percentage of total count
                 A         B        C        D         E       F
            +---------+---------+-------+---------+---------+-------
      Total |     101 |       2 |   1.9 |      49 |       2 |   3.9
            +---------+---------+-------+---------+---------+-------
        D:1 |      28 |       2 |   6.7 |      19 |       2 |   9.5
        D:2 |      25 |       0 |   0.0 |      12 |       0 |   0.0
        D:3 |      48 |       0 |   0.0 |      18 |       0 |   0.0
            +---------+---------+-------+---------+---------+-------
